 Dungeon Sprint DCSS version 0.31-a0-806-g0bc164a743 (webtiles) character file.

Game seed: 17506182341181001224

5535 sircluck the Grappler (level 10, -18/172 HPs)
             Began as a Troll Berserker on Sept 21, 2023.
             Was the Champion of Trog.
             Demolished by Frances
             ... wielding a +0 war axe of holy wrath
              (29 damage)
             ... in the Dungeon (Sprint III: "The Ten Rune Challenge").
             The game lasted 00:03:14 (783 turns).

sircluck the Grappler (Troll Berserker)              Turns: 783, Time: 00:03:14

Health: -18/172    AC:  8    Str: 29    XL:     10   Next: 43%
Magic:  9/9        EV: 12    Int: 11    God:    Trog [******]
Gold:   26         SH:  0    Dex:  7    Spells: 9/9 levels left

rFire   . .          .
                       - Unarmed
rCold   . . .        (no shield)
rNeg    . . .        m - +1 troll leather armour {Snorg}
rPois   .            (helmet restricted)
rElec   .            (no cloak)
rCorr   .            (gloves unavailable)
SInv    .            (boots unavailable)
Will    .....        (no amulet) Stlth
                     (no ring)
HPRegen 2.08/turn    (no ring)
MPRegen 0.11/turn

%: no teleportation, clarity
@: berserking (expiring), very quick
A: large, unfitting armour, claws 3, regeneration 1, shaggy fur 1, tough skin 1,
iridescent scales 1, clarity, clever 2
a: Renounce Religion, Berserk, Trog's Hand, Brothers in Arms


You were in the Dungeon.
You worshipped Trog.
Trog was exalted by your worship.
You visited 1 branch You collected 26 gold pieces.

Inventory:

Armour
 a - a +0 animal skin
 m - a +1 troll leather armour (worn) {Snorg}
Scrolls
 g - a scroll of blinking
 i - 2 scrolls of immolation
 j - a scroll of identify
Potions
 b - a potion of curing
 c - a potion of heal wounds
 d - a potion of haste
 e - 2 potions of magic
 f - 2 potions of berserk rage
 h - 3 potions of mutation
 k - 2 potions of degeneration {unknown}
Miscellaneous
 l - a sack of spiders


   Skills:
 + Level 12.1 Fighting
 + Level 6.4 Armour
 + Level 12.0 Dodging
 + Level 14.1 Unarmed Combat


You had 9 spell levels left.
You didn't know any spells.
Your spell library was empty.

Dungeon Overview and Level Annotations

Branches:
Dungeon (1/1)

Altars:
Cheibriados
Dithmenos
Elyvilon
Fedhas
Gozag
Hepliaklqana
Kikubaaqudgha
Makhleb
Nemelex Xobeh
Okawaru
Qazlal
Ru
Sif Muna
Trog
Uskayaw
Vehumet
Wu Jian
Xom
Yredelemnul
Zin
The Shining One
Jiyva
Lugonu

Annotations:
D Frances


Innate Abilities, Weirdness & Mutations

You are too large for most types of armour.
You have claws for hands.
Your natural rate of healing is unusually fast.
You are covered in fur. (AC +1)
You have tough skin. (AC +1)
You are partially covered in iridescent scales. (AC +2)
You possess an exceptional clarity of mind.
Your mind is very acute. (Int +8, Str/Dex -2)


Message History

Donald is severely wounded.
Donald hits you with a +1 war axe of holy wrath!!
Donald blocks your attack.
Donald is severely wounded.
Donald hits you with a +1 war axe of holy wrath!!!
* * * LOW HITPOINT WARNING * * *
Donald blocks your attack.
Donald is severely wounded.
Frances screams a word of power!
Donald blocks your attack.
Donald is severely wounded.
Donald hits you with a +1 war axe of holy wrath!
* * * LOW HITPOINT WARNING * * *
You claw Donald!
Donald is severely wounded.
Donald hits you with a +1 war axe of holy wrath!!
* * * LOW HITPOINT WARNING * * *
You mangle Donald!!
You kill Donald!
Trog accepts your kill.
Trog appreciates your killing of a magic user.
Trog grants you a weapon! Something appears at your feet!
You see here a +4 battleaxe.
Your Fighting skill increases to level 12!
Your Armour skill increases to level 6!
Your Dodging skill increases to level 12!
Your Unarmed Combat skill increases to level 14!
Unknown command.
Unknown command.
Unknown command.
You eviscerate Frances!!! Your claw misses Frances.
Frances is moderately wounded.
Frances hits you with a +0 war axe of holy wrath!
* * * LOW HITPOINT WARNING * * *
You mangle Frances!!
Frances is heavily wounded.
You mangle Frances!!
Frances is severely wounded.
Frances hits you with a +0 war axe of holy wrath!!
You die...

+###########################
..~~~'.#.'...'.#.#.#)††..~≈#
.#§§§#.#.#.).##.#.#)##...~≈###
.#§§§#.#.#)).#.#.#.#.#...~≈≈≈#
.#§§§#...#...##.#.#.##...~~~~#
▓▓▓▓▓▓▓▓▓▓▓▓▓#.#.#.#.#.......#
##.#.#.##.......#
+.#@#.#.#.......#
##@#.#.########## #4##### .3.
#...# #...# #####


You could see Frances (fast), a hellwing (summoned) and a smoke demon
(summoned).

Vanquished Creatures
  Donald (D)
  Snorg (D)
  A centaur warrior (D)
  A deep elf pyromancer (D)
  An unseen horror (D)
  A queen bee (D)
  A shadow (D)
  A spatial vortex (D)
  2 centaurs (D)
  An earth elemental (D)
  A necrophage (D)
  A water elemental (D)
  25 killer bees (D)
  A jelly (D)
  A wizard (D)
  A necromancer (D)
  3 humans (D)
  A kobold demonologist (D)
  A phantom (D)
  An endoplasm (D)
  3 rats (D)
50 creatures vanquished.

Vanquished Creatures (collateral kills)
  7 killer bees (D)
7 creatures vanquished.

Grand Total: 57 creatures vanquished

Notes
Turn   | Place    | Note
-------+----------+-------------------------------------------
     0 | D        | sircluck the Troll Berserker began the quest for the Orb.
     0 | D        | Reached XP level 1. HP: 22/22 MP: 0/0
    14 | D        | Reached ** piety under Trog
    53 | D        | Reached skill level 4 in Unarmed Combat
    53 | D        | Reached XP level 2. HP: 8/31 MP: 1/1
   119 | D        | Noticed a water elemental
   121 | D        | Killed a water elemental
   121 | D        | Reached *** piety under Trog
   122 | D        | Reached skill level 5 in Unarmed Combat
   122 | D        | Reached XP level 3. HP: 40/40 MP: 2/2
   122 | D        | Reached XP level 4. HP: 49/49 MP: 3/3
   164 | D        | Gained mutation: Your mind is acute. (Int +4, Str/Dex -1)
                  | [potion of mutation]
   164 | D        | Gained mutation: You have hidden genetic potential. [potion
                  | of mutation]
   164 | D        | Gained mutation: You possess an exceptional clarity of
                  | mind. [potion of mutation]
   171 | D        | Found a glowing silver altar of Zin.
   171 | D        | Found a glowing golden altar of the Shining One.
   171 | D        | Found a white marble altar of Elyvilon.
   172 | D        | Noticed a deep elf pyromancer
   189 | D        | Killed a deep elf pyromancer
   190 | D        | Reached skill level 9 in Unarmed Combat
   190 | D        | Reached XP level 5. HP: 11/63 MP: 4/4
   190 | D        | Reached XP level 6. HP: 13/72 MP: 5/5
   190 | D        | Reached XP level 7. HP: 14/79 MP: 6/6
   203 | D        | Gained mutation: You are partially covered in iridescent
                  | scales. (AC +2) [hidden potential]
   248 | D        | Found a hide-covered altar of Uskayaw.
   248 | D        | Found an iron altar of Okawaru.
   248 | D        | Found a bloodstained altar of Trog.
   248 | D        | Found an ornate altar of the Wu Jian Council.
   248 | D        | Noticed a human
   248 | D        | Noticed a human
   254 | D        | Killed a human
   262 | D        | Killed a human
   262 | D        | Reached **** piety under Trog
   263 | D        | Reached skill level 10 in Unarmed Combat
   314 | D        | Found a basalt altar of Yredelemnul.
   314 | D        | Found a shadowy altar of Dithmenos.
   314 | D        | Found a sacrificial altar of Ru.
   346 | D        | Found a radiant altar of Vehumet.
   346 | D        | Found a shimmering blue altar of Sif Muna.
   346 | D        | Found an ancient bone altar of Kikubaaqudgha.
   348 | D        | Reached ***** piety under Trog
   380 | D        | Noticed a shadow
   384 | D        | Killed a shadow
   385 | D        | Reached XP level 8. HP: 82/92 MP: 7/7
   392 | D        | Found a blossoming altar of Fedhas.
   392 | D        | Found a stormy altar of Qazlal.
   392 | D        | Found a snail-covered altar of Cheibriados.
   392 | D        | Found a burning altar of Makhleb.
   392 | D        | Found a shimmering altar of Xom.
   393 | D        | Found a hazy altar of Hepliaklqana.
   393 | D        | Found an opulent altar of Gozag.
   393 | D        | Found a sparkling altar of Nemelex Xobeh.
   393 | D        | Found a corrupted altar of Lugonu.
   393 | D        | Found a viscous altar of Jiyva.
   399 | D        | Gained mutation: Your mind is very acute. (Int +8, Str/Dex
                  | -2) [hidden potential]
   399 | D        | Lost mutation: You have hidden genetic potential. [hidden
                  | potential expressed]
   413 | D        | Received a gift from Trog
   414 | D        | Reached skill level 11 in Unarmed Combat
   438 | D        | Noticed Snorg
   445 | D        | Killed Snorg
   446 | D        | Reached skill level 10 in Fighting
   446 | D        | Reached skill level 10 in Dodging
   446 | D        | Reached skill level 12 in Unarmed Combat
   472 | D        | Reached XP level 9. HP: 60/102 MP: 8/8
   501 | D        | Noticed a centaur warrior
   506 | D        | Killed a centaur warrior
   539 | D        | Noticed a queen bee
   568 | D        | Killed a queen bee
   568 | D        | Reached ****** piety under Trog
   569 | D        | Reached skill level 13 in Unarmed Combat
   572 | D        | Received a gift from Trog
   616 | D        | Reached skill level 5 in Armour
   616 | D        | Reached XP level 10. HP: 47/114 MP: 9/9
   627 | D        | Received a gift from Trog
   640 | D        | HP: 1/114 [killer bee (7)]
   760 | D        | Noticed Donald
   760 | D        | Noticed Frances
   780 | D        | Killed Donald
   780 | D        | Received a gift from Trog
   781 | D        | Reached skill level 14 in Unarmed Combat
   781 | D        | HP: 8/172 [Frances/+0 war axe of holy wrath (16)]
   782 | D        | Noticed a smoke demon
   783 | D        | Demolished by Frances

Illustrated notes

Levels and vault maps discovered:
D:        dungeon_sprint_mu [sprint_mu_entry_forest, sprint_mu_temple_rooms,
          sprint_mu_d1_horrors, sprint_mu_d2_genie, sprint_mu_d3_branching,
          sprint_mu_orc_legion, sprint_mu_elf_gauntlet, sprint_mu_hive_nellie,
          sprint_mu_lair_fedhas, sprint_mu_vaults_butterflies,
          sprint_mu_slime_circle, sprint_mu_swamp_cave, sprint_mu_snake_twists,
          sprint_mu_blade_basic, sprint_mu_crypt_chambers,
          sprint_mu_tomb_spiral, sprint_mu_vestibule_basic,
          sprint_mu_gehenna_hellfire, sprint_mu_dis_giant,
          sprint_mu_tartarus_statrot, sprint_mu_cocytus_islands, sprint_mu_zot1]

Skill      XL: |  1  2  3  4  5  6  7  8  9 10 |
---------------+-------------------------------+-----
Fighting       | 3 4 7 9 10 11 12 | 12.1
Dodging        | 3 4 7 9 10 11 12 | 12.0
Unarmed Combat | 4 5 9 10 12 13 14 | 14.1
Armour         | 5 6 |  6.4

Action                     |  1- 3 |  4- 6 |  7- 9 | 10-12 || total
---------------------------+-------+-------+-------+-------++-------
  Melee: Unarmed           |    31 |    11 |   103 |    59 ||   204
         Punch             |     1 |       |     2 |     1 ||     4
 Invoke: Berserk           |     1 |       |     1 |     1 ||     3
         Brothers in Arms  |       |       |     1 |     1 ||     2
    Use: Potion            |       |     1 |       |     1 ||     2
         Scroll            |       |     1 |       |       ||     1
   Stab: Sleeping          |     1 |       |       |       ||     1
 Armour: Animal skin       |    15 |     7 |    19 |       ||    41
         Troll leather arm |       |       |    93 |    61 ||   154
  Dodge: Dodged            |    10 |     2 |    97 |    24 ||   133

Table legend: (Time is in decaauts)
 A = Elapsed time spent in this place.
 B = Non-inter-level travel time spent in this place.
 C = Inter-level travel time spent in this place.
 D = Time resting spent in this place.
 E = Time spent auto-exploring this place.
 F = Levels seen in this place.
 G = Mean time per level.
                   A        B        C        D        E       F      G
               +--------+--------+--------+--------+--------+-----+--------+
         Total |    755 |    747 |      8 |     89 |    335 |   1 |  755.0 |
       Dungeon |    755 |    747 |      8 |     89 |    335 |   1 |  755.0 |
               +--------+--------+--------+--------+--------+-----+--------+

Top non-repeatable levels by time:
       D: 755 daAuts
